 Dungeon Crawl Stone Soup version 0.30.1-9-gdf580d7c3d (webtiles) character file.

Game seed: 13481288338381030721

64 eliilek the Trooper (level 3, 0/29 HPs)
             Began as a Demonspawn Berserker on Oct 3, 2023.
             Was a Believer of Trog.
             Slain by a sleepcap (3 damage)
             ... on level 4 of the Dungeon.
             The game lasted 00:06:35 (1540 turns).

eliilek the Trooper (Demonspawn Berserker)          Turns: 1540, Time: 00:06:35

Health: 0/29       AC: 11    Str: 17    XL:     3   Next: 91%
Magic:  3/3        EV: 11    Int:  8    God:    Trog [**....]
Gold:   71         SH:  0    Dex: 14    Spells: 2/2 levels left

rFire   . . .        a - +6 dagger
rCold   . . .        (no shield)
rNeg    . . .        h - +0 ring mail
rPois   .            (no helmet)
rElec   .            (no cloak)
rCorr   .            (no gloves)
SInv    .            (no boots)
Will    ++...        (no amulet)
Stlth   +            (no ring)
HPRegen 1.24/turn    (no ring)
MPRegen 0.08/turn

%: no passive effects
@: strong-willed, sanguine armoured, regenerating
A: sanguine armour 1
a: Renounce Religion, Berserk, Trog's Hand


You were on level 4 of the Dungeon.
You worshipped Trog.
Trog was pleased with you.
You visited 1 branch of the dungeon, and saw 3 of its levels.

You collected 71 gold pieces.

Inventory:

Hand Weapons
 a - a +6 dagger (weapon)
Missiles
 g - 4 poisoned darts (quivered)
Armour
 h - a +0 ring mail (worn)
Scrolls
 d - 3 scrolls of noise {unknown}
 e - 2 scrolls of teleportation {unknown}
 f - a scroll of silence {unknown}
 i - 2 scrolls of identify {unknown}
Potions
 b - a potion of mutation {unknown}
 c - 2 potions of attraction {unknown}
 j - a potion of degeneration {unknown}


   Skills:
 + Level 3.5 Fighting
 * Level 1.4 Short Blades
 - Level 2.7 Maces & Flails
 - Level 1.8 Armour
 + Level 2.4 Dodging
 + Level 1.4 Stealth


You had 2 spell levels left.
You didn't know any spells.
Your spell library was empty.

Dungeon Overview and Level Annotations

Branches:
Dungeon (2/15)

Altars:


Innate Abilities, Weirdness & Mutations

When seriously injured, your blood forms armour. (AC +6)


Message History

No target in view!
You see here a hobgoblin corpse.
Found 3 stones.
i - 2 scrolls labelled RYMISTR QIXO (gained 1)
You open the gate.
A hobgoblin and 3 sleepcaps come into view.
Found a hat.
You barely miss the hobgoblin. The hobgoblin closely misses you.
You hit the hobgoblin.
The hobgoblin is severely wounded.
The sleepcap releases spores at you! The hobgoblin closely misses you.
You hit the hobgoblin.
You kill the hobgoblin!
Trog accepts your kill. The sleepcap releases spores at you.
Your skin crawls.
You feel strong-willed. The sleepcap releases spores at you.
Your blood congeals into armour.
The sleepcap closely misses you.
You hit the sleepcap but do no damage. The sleepcap barely misses you. x2
You hit the sleepcap.
The sleepcap is lightly damaged.
The sleepcap releases spores at you but does no damage.
The sleepcap releases spores at you.
You hit the sleepcap.
The sleepcap is moderately damaged.
The sleepcap releases spores at you but does no damage.
The sleepcap closely misses you.
You hit the sleepcap but do no damage.
The sleepcap is moderately damaged.
The sleepcap releases spores at you! The sleepcap barely misses you.
You hit the sleepcap.
The sleepcap is heavily damaged.
The sleepcap releases spores at you but does no damage.
The sleepcap releases spores at you.
* * * LOW HITPOINT WARNING * * *
The sleepcap attacks as you move away! The sleepcap releases spores at you.
* * * LOW HITPOINT WARNING * * *
The sleepcap attacks as you move away! The sleepcap releases spores at you.
You die...

###### #....##
### #.....##
##.#
#......###.##
#......##f####
###....##@ff..#
#......#.##'''#
###...#..#.....#
###...##.....#
##..###...##
#####.# #...#
##..##.# ##.##
#....#.## [#
#.......#


You could see 3 sleepcaps.

Vanquished Creatures
  2 adders (D:2)
  4 orcs (D:4)
  5 bats
  2 endoplasms (D:1)
  2 goblins
  5 hobgoblins
  6 kobolds
  3 quokkas
  2 ball pythons
  5 frilled lizards (D:1)
  4 rats
40 creatures vanquished.

Notes
Turn   | Place    | Note
-------+----------+-------------------------------------------
     0 | D:1      | eliilek the Demonspawn Berserker began the quest for the
                  | Orb.
     0 | D:1      | Reached XP level 1. HP: 18/18 MP: 1/1
   221 | D:1      | Gained mutation: When seriously injured, your blood forms
                  | armour. (AC +6) [demonic ancestry]
   221 | D:1      | Reached XP level 2. HP: 24/24 MP: 2/2
   795 | D:1      | Reached skill level 1 in Stealth
  1117 | D:2      | Reached skill level 1 in Short Blades
  1117 | D:2      | Reached XP level 3. HP: 29/29 MP: 3/3
  1168 | D:2      | Reached ** piety under Trog
  1270 | D:2      | You fall into a shaft and drop 2 floors!
  1540 | D:4      | Slain by a sleepcap

Illustrated notes

Levels and vault maps discovered:
D:1:      ldierk_walled_garden_2, layout_basic
D:2:      layout_loops_ring, minmay_quadrilaterals
D:4:      layout_cave_pods, mainiacjoe_overflow_catch_the_wave,
          minmay_temple_entry_offerings, nicolae_kite_square_tiling_tiny,
          serial_bayou_pond_e, hellmonk_no_cap

Skill      XL: |  1  2 |
---------------+-------+-----
Dodging        | 2 |  2.4
Stealth        | 1 |  1.4
Short Blades   | 1 |  1.4
Fighting       | |  3.5
Maces & Flails | |  2.7
Armour         | |  1.8

Action                     || total
---------------------------++-------
  Melee: Dagger            ||    95
         Mace              ||     9
         Punch             ||     1
  Throw: Dart              ||     1
 Invoke: Trog's Hand       ||     1
   Stab: Sleeping          ||     1
 Armour: Animal skin       ||     7
         Ring mail         ||    22
  Dodge: Dodged            ||    69
